AoeStats
← [S&H] stellar

Arabia

509191126Analyzed
1v1 RM · 5d ago on Sep 25, 2026· 54m 47s· 2 players
Game mode
Random Map
Map size
Tiny (2 player)
Population
200
Speed
Normal
Resources
Standard
Victory
Conquest
Starting age
Dark Age
Ending age
Imperial Age
RankedLock teamsTeams togetherTeam positionsShared explorationLock speedFull tech treeHidden civsTurbo modeCheats
Victory
Defeat
🇮🇳 Dravidians · India
1169
+17
🇩🇪 Vikings · Germany
1182
-17
kite hunting
7:07 Loom
9:25 Feudal Age
10:05 Man-at-Arms
14:39 Arson
17:52 Fletching
25:01 Castle Age
23:13 Padded Archer Armor
25:05 Crossbowman
26:13 Double-Bit Axe
26:31 Bodkin Arrow
29:05 Ballistics
29:08 Bow Saw
31:06 Horse Collar
33:08 Husbandry
45:16 Wheelbarrow
48:09 Imperial Age
45:50 Long Swordsman
46:30 Squires
46:16 Gambesons
47:47 Scale Mail Armor
48:04 Forging
48:04 Gold Mining
48:57 Chain Mail Armor
48:15 Two-Handed Swordsman
51:13 Plate Mail Armor
51:19 Iron Casting
51:00 Champion
52:06 Hand Cart
51:38 Town Watch
52:50 Iron Casting
52:57 Siege Elephant
55:12 Blast Furnace
55:10 Scale Barding Armor
[S&H] stellar
6:57 Loom
9:33 Feudal Age
10:02 Double-Bit Axe
10:33 Man-at-Arms
22:43 Castle Age
22:40 Fletching
23:43 Bodkin Arrow
24:01 Crossbowman
26:12 Gold Mining
26:53 Elite Skirmisher
29:44 Padded Archer Armor
33:09 Horse Collar
34:48 Ballistics
35:40 Leather Archer Armor
40:45 Imperial Age
42:14 Bracer
42:58 Bow Saw
45:06 Chemistry
44:10 Heavy Plow
45:07 Ring Archer Armor
49:40 Conscription
50:13 Forging
50:04 Scale Mail Armor
51:32 Iron Casting
52:56 Chain Mail Armor
54:23 Arbalester
Connection lost

Rejoining the realm…

Still unreachable

The connection could not be restored.

Session expired

The server has moved on; the page needs a fresh start.